 Dungeon Crawl Stone Soup version 0.21.1-1-g345015f (webtiles) character file.

42 xccam the Cudgeler (level 3, -2/27 HPs)
             Began as a Demonspawn Gladiator on Mar 25, 2018.
             Splashed by a jelly's acid (8 damage)
             ... on level 3 of the Dungeon.
             The game lasted 00:02:58 (1797 turns).

xccam the Cudgeler (Demonspawn Gladiator)           Turns: 1797, Time: 00:02:58

Health: -2/27      AC: -7    Str: 15    XL:     3   Next: 33%
Magic:  3/3        EV: 11    Int:  9    God:
Gold:   105        SH:  0    Dex: 14    Spells: 2/2 levels left

rFire    . . .     SeeInvis .   a - +0 flail
rCold    . . .     Gourm    .   (no shield)
rNeg     . . .     Faith    .   e - +0 ring mail
rPois    .         Spirit   .   (helmet restricted)
rElec    .         Reflect  .   (no cloak)
rCorr    .         Harm     .   (no gloves)
MR       .....                  (no boots)
Stlth    +.........             (no amulet)
HPRegen  0.09/turn              (no ring)
MPRegen  0.08/turn              (no ring)

@: corroded
A: antennae 1, powered by pain 1
a: no special abilities


You were on level 3 of the Dungeon.
You were not hungry.

You visited 1 branch of the dungeon, and saw 3 of its levels.

You collected 105 gold pieces.

Inventory:

Hand Weapons
 a - a +0 flail (weapon)
Missiles
 d - 3 throwing nets (quivered)
Armour
 e - a +0 ring mail (worn)
Jewellery
 i - an uncursed ring of wizardry {unknown}
Scrolls
 b - 4 scrolls of identify {unknown}
 l - a scroll of enchant armour {unknown}
Potions
 g - 2 potions of curing {unknown}
 h - 2 potions of invisibility {unknown}
 j - a potion of heal wounds {unknown}
 k - a potion of flight {unknown}
 m - 2 potions of might {unknown}
 n - 2 potions of degeneration {unknown}
Comestibles
 c - a chunk of flesh
 f - 2 rations


   Skills:
 - Level 2.0 Fighting
 + Level 4.0 Maces & Flails
 - Level 1.7 Throwing
 - Level 2.6 Dodging


You had 2 spell levels left.
You didn't know any spells.

Dungeon Overview and Level Annotations

Branches:
Dungeon (3/15)

Altars:
Cheibriados
Kikubaaqudgha
Vehumet
Xom


Innate Abilities, Weirdness & Mutations

You have a pair of small antennae on your head.
You sometimes gain a little power by taking damage.


Message History

There is an open door here.
Found 3 needles of confusion.
A jackal comes into view.
The jackal barks!
A jelly comes into view. 2 jackals come into view.
The jelly quivers.
The jackal barks! x2; You hear a bark!
You hear an angry hiss.
A jackal comes into view.
You hit the jelly but do no damage.
Your hands burn!
The jelly misses you. The jelly hits you but does no damage.
You thump the jelly! The acid corrodes you!
Your hands burn!
The jelly is heavily wounded.
The jelly hits you.
You are splashed with acid!
The acid burns!
You hit the jelly but do no damage. The acid corrodes you!
Your hands burn!
The jelly is heavily wounded.
The jelly hits you.
* * * LOW HITPOINT WARNING * * *
The acid corrodes you!
You are splashed with acid!
The acid burns!
You die...

.. #'# {#
#.########h###r#
#.#.....@Jhh....
##.#.######h###.#
##....# #
###.#.....#####
..............#
##.###.#.###.# #
#.#.# #.#.# #.#..


You could see a jelly, 4 jackals and a rat.

Vanquished Creatures
  An ooze (D:1)
  A dart slug (D:2)
  A leopard gecko (D:2)
  An orc (D:3)
  A giant cockroach (D:1)
  3 goblins
  6 hobgoblins
  7 kobolds
  A quokka (D:2)
  A ball python (D:2)
  4 bats
  2 frilled lizards (D:1)
  3 rats
32 creatures vanquished.

Notes
Turn   | Place    | Note
-------+----------+-------------------------------------------
     0 | D:1      | xccam the Demonspawn Gladiator began the quest for the Orb.
     0 | D:1      | Reached XP level 1. HP: 16/16 MP: 1/1
   280 | D:1      | Reached skill level 3 in Maces & Flails
   341 | D:1      | Gained mutation: You sometimes gain a little power by taking damage. [demonic ancestry]
   341 | D:1      | Reached XP level 2. HP: 11/22 MP: 2/2
   536 | D:1      | Found a glowing golden altar of the Shining One.
   538 | D:1      | Found a shimmering altar of Xom.
   538 | D:1      | Found a shimmering altar of Xom.
   540 | D:1      | Found a snail-covered altar of Cheibriados.
   540 | D:1      | Found an ancient bone altar of Kikubaaqudgha.
   540 | D:1      | Found a radiant altar of Vehumet.
  1090 | D:2      | Gained mutation: You have a pair of small antennae on your head. [demonic ancestry]
  1090 | D:2      | Reached XP level 3. HP: 25/27 MP: 3/3
  1307 | D:2      | Reached skill level 4 in Maces & Flails
  1797 | D:3      | Splashed by a jelly's acid

Skill      XL: |  1  2  3 |
---------------+----------+-----
Maces & Flails | 3 4 |  4.0
Fighting       | |  2.0
Throwing       | |  1.7
Dodging        | |  2.6

Action                   || total
-------------------------++-------
Melee: Flail             ||   104
  Eat: Chunk             ||     3
Armor: Ring mail         ||    49
Dodge: Dodged            ||    65
